 Dungeon Crawl Stone Soup version 0.31.0-7-gf635a9b802 (webtiles) character file.

Game seed: 16164162661765838305

24 olmar the Covered (level 2, -3/26 HPs)
             Began as an Armataur Fighter on Jan 23, 2024.
             Slain by a hobgoblin (4 damage)
             ... on level 2 of the Dungeon.
             The game lasted 00:00:29 (675 turns).

olmar the Covered (Armataur Fighter)                 Turns: 675, Time: 00:00:30

Health: -3/26      AC:  7    Str: 21    XL:     2   Next: 79%
Magic:  2/2        EV:  7    Int:  8    God:
Gold:   53         SH:  4    Dex:  9    Spells: 1/1 levels left

rFire   . . .        a - +0 flail
rCold   . . .        c - +0 buckler
rNeg    . . .        b - +0 scale mail
rPois   .            (no helmet)
rElec   .            (no cloak)
rCorr   .            (no gloves)
SInv    .            (no barding)
Will    .....        (no amulet) Stlth
                     (no ring)
HPRegen 0.24/turn    (no ring)
MPRegen 0.08/turn

%: roll
@: mighty
A: large, deformed body, tough skin 3, armoured tail, roll 1
a: no special abilities


You were on level 2 of the Dungeon.
You visited 1 branch of the dungeon, and saw 2 of its levels.

You collected 53 gold pieces.

Inventory:

Hand Weapons
 a - a +0 flail (weapon)
Armour
 b - a +0 scale mail (worn)
 c - a +0 buckler (worn)
Scrolls
 g - a scroll of teleportation {unknown}
Potions
 e - a potion of magic {unknown}
 f - a potion of mutation {unknown}
 h - a potion of ambrosia {unknown}
 i - a potion of degeneration {unknown}
 j - 2 potions of enlightenment {unknown}


   Skills:
 + Level 3.0 Fighting
 + Level 2.1 Maces & Flails
 + Level 3.9 Armour
 + Level 0.1 Dodging
 + Level 3.7 Shields


You had one spell level left.
You didn't know any spells.
Your spell library was empty.

Dungeon Overview and Level Annotations

Branches:
Dungeon (2/15)

Altars:

Annotations:
D:2 Sigmund


Innate Abilities, Weirdness & Mutations

Armour fits poorly on your strangely shaped body.
You have extremely tough skin. (AC +3)
You have a long armoured tail.
You regenerate magic when rolling toward enemies. (Rampage MPRegen)


Message History

Sigmund's eyes start glowing with a red light.
Sigmund hits you from afar with a +0 scythe.
The hobgoblin hits you but does no damage.
Unknown command.
Sigmund barely misses you.
Unknown command.
You barely miss Sigmund.
Unknown command.
You hit Sigmund.
Sigmund is lightly wounded.
Sigmund hits you but does no damage.
The hobgoblin hits you but does no damage.
Unknown command.
You thump Sigmund!
Sigmund is almost dead.
You block the hobgoblin's attack. Sigmund hits you with a +0 scythe!
The hobgoblin hits you but does no damage.
Unknown command.
You barely miss Sigmund.
Your tail-slap misses Sigmund.
Sigmund is almost dead.
The hobgoblin closely misses you.
The hobgoblin hits you but does no damage.
Sigmund barely misses you. The hobgoblin closely misses you.
The hobgoblin hits you.
* * * LOW HITPOINT WARNING * * *
You barely miss Sigmund.
Sigmund is almost dead.
Sigmund casts a spell at you. The magic dart hits you.
* * * LOW HITPOINT WARNING * * *
The hobgoblin hits you but does no damage.
The hobgoblin barely misses you.
You closely miss Sigmund.
Sigmund is almost dead.
The hobgoblin hits you.
* * * LOW HITPOINT WARNING * * *
Sigmund whispers, "You'll know eternity soon."
Sigmund casts a spell at you. You resist with significant effort.
The hobgoblin hits you.
You die...

######.########
#.# ##.# #..#
#.#######.
#.######.........
............#####
..####gg.##.#
#@#.# .# #@#.# #


wg... ....### ...... #...#### .... ###.# You could see Sigmund, a ribbon worm
and 3 hobgoblins.

Vanquished Creatures
  A dart slug (D:2)
  A ball python (D:1)
  An endoplasm (D:1)
  A giant cockroach (D:1)
  3 hobgoblins
  A quokka (D:2)
  4 bats (D:1)
  2 frilled lizards (D:1)
  4 kobolds
  4 rats
22 creatures vanquished.

Notes
Turn   | Place    | Note
-------+----------+-------------------------------------------
     0 | D:1      | olmar the Armataur Fighter began the quest for the Orb.
     0 | D:1      | Reached XP level 1. HP: 18/18 MP: 1/1
   134 | D:1      | Reached XP level 2. HP: 26/26 MP: 2/2
   660 | D:2      | Noticed Sigmund
   675 | D:2      | HP: 1/26 [hobgoblin (2)]
   675 | D:2      | Slain by a hobgoblin

Illustrated notes

Levels and vault maps discovered:
D:1:      enne_arrival_octagon_isle, layout_loops_ring, minmay_fountain_box
D:2:      layout_rooms, basic_altar, uniq_natasha, uniq_sigmund

Skill      XL: |  1  2 |
---------------+-------+-----
Fighting       | 3 |  3.0
Maces & Flails | 2 |  2.1
Armour         | |  3.9
Dodging        | |  0.1
Shields        | |  3.7

Action                     || total
---------------------------++-------
  Melee: Flail             ||    56
         Tailslap          ||     4
    Use: Potion            ||     1
 Armour: Scale mail        ||    48
  Dodge: Dodged            ||    23
  Block: Buckler           ||     9
